Map: Taito Citadel LE

Players

HolyHit

  • Race: Protoss Protoss
  • League: Master
  • Spawn Location: 11:00

A.I. 1 (Very Easy) - Winner!

  • Race: Zerg Zerg
  • Spawn Location: 5:00

VOD

Have the link to the VOD?

Description

Time

  • Played on: Jan. 12, 2026, 12:42 p.m.
  • Length: 7:48
Show
View Real Time Build Order
Export as new Build Order

HolyHit Protoss 

Build Orders: 1 Gate Expand, Oracle Opening 

Get SALT Encoding   

  12  0:00  Probe  
  13  0:12  Probe  
  14  0:17  Pylon  
  14  0:24  Probe  
  15  0:32  Probe  
  15  0:38  Gateway  
  15  0:40  Probe  
  16  0:46  Assimilator  
  17  0:51  Probe  
  18  1:03  Probe  
  19  1:15  Probe  
  20  1:22  Nexus  
  20  1:33  Cybernetics Core  
  20  1:35  Probe  
  21  1:40  Assimilator  
  22  1:47  Probe  
  22  1:49  Pylon  
  22  1:59  Probe, Adept  
  23  2:11  Probe  
  26  2:19  Stargate  
  26  2:20  Adept  
  26  2:23  Probe  
  29  2:31  Probe  
  29  2:35  Probe  
  29  2:36  Warp Gate  
  31  2:39  Probe  
  32  2:46  Stalker  
  32  2:47  Probe  
  32  2:48  Probe  
  36  2:59  Probe  
  36  3:01  Probe  
  38  3:09  Oracle  
  38  3:11  Probe  
  42  3:13  Probe  
  42  3:16  Pylon  
  43  3:20  Gateway  
  43  3:23  Probe  
  43  3:25  Probe  
  45  3:37  Probe x2  
  45  3:41  Pylon  
  47  3:46  Oracle  
  50  3:49  Probe  
  50  3:50  Probe  
  50  3:55  Nexus  
  52  4:01  Probe  
  52  4:02  Probe  
  54  4:06  Assimilator  
  54  4:07  Assimilator  
  54  4:12  Twilight Council  
  54  4:13  Probe  
  54  4:14  Probe  
  56  4:17  Forge  
  56  4:22  Pylon  
  56  4:26  Oracle  
  56  4:28  Probe  
  56  4:29  Blink  
  56  4:30  Probe  
  61  4:34  Protoss Ground Weapons Level 1  
  61  4:37  Pylon  
  61  4:40  Probe  
  61  4:41  Adept  
  61  4:42  Adept  
  61  4:44  Probe  
  67  4:52  Probe  
  68  4:56  Probe  
  69  5:04  Probe  
  70  5:07  Probe x2  
  70  5:08  Pylon  
  72  5:15  Probe x2  
  72  5:16  Gateway, Probe  
  72  5:18  Gateway  
  75  5:23  Probe  
  76  5:28  Probe x2  
  76  5:30  Gateway  
  76  5:32  Gateway  
  76  5:34  Probe  
  78  5:38  Gateway  
  78  5:41  Gateway  
  78  5:42  Probe  
  80  5:46  Probe x2  
  82  5:53  Pylon  
  82  5:54  Assimilator  
  82  5:55  Probe  
  83  5:57  Assimilator  
  83  5:58  Probe  
  83  6:01  Probe  
  85  6:06  Stalker x2  
  85  6:07  Probe  
  85  6:08  Pylon  
  90  6:11  Stalker  
  90  6:13  Probe x2  
  90  6:15  Stalker  
  96  6:23  Pylon  
  96  6:25  Stalker  
  98  6:27  Probe x2  
  98  6:28  Probe, Stalker  
  98  6:29  Stalker  
  98  6:30  Stalker  
  107  6:35  Templar Archives  
  107  6:36  Stalker  
  107  6:39  Stalker  
  111  6:50  Probe x2  
  111  6:51  Robotics Facility  
  113  6:58  Stalker x3  
  119  7:06  Pylon  
  119  7:07  Stalker x2  
  123  7:10  Stalker  
  125  7:25  Stalker x4  
  125  7:29  Pylon  
  133  7:33  Nexus  
  133  7:43  Fleet Beacon  
  133  7:46  Stargate  
Show
View Real Time Build Order
Export as new Build Order

A.I. 1 (Very Easy) Zerg - Winner!

Build Orders: Pool Only 

Get SALT Encoding   

  12  0:00  Drone  
  13  0:12  Overlord  
  13  0:16  Drone  
  14  0:35  Spawning Pool, Extractor  
  13  0:39  Drone  
  13  0:46  Drone  
  14  0:51  Overlord  
  14  1:22  Zergling x2, Queen  
  17  1:33  Roach Warren  
  17  1:37  Drone  
  17  1:40  Extractor  
  17  1:44  Drone  
  17  1:47  Zergling x2  
  18  2:03  Drone  
  19  2:10  Drone  
  19  2:13  Zergling x2  
  21  2:20  Drone  
  22  2:29  Overlord  
  22  2:33  Drone  
  23  2:39  Roach  
  23  2:40  Drone  
  26  2:47  Drone  
  27  5:31  Queen  
  27  5:32  Zergling x2  
  23  5:44  Drone  
  9  5:51  Drone  
  5  5:58  Zergling x2, Drone  
  6  6:06  Drone  
  6  6:13  Drone  
  6  6:14  Queen  
  6  6:20  Drone  
  6  6:24  Zergling x2  
  6  6:27  Drone  
  5  6:34  Drone  
  5  6:41  Drone  
  4  6:49  Drone, Roach  
  7  6:56  Drone  
  8  7:03  Drone  
  9  7:10  Drone  
  4  7:17  Drone  
  3  7:25  Drone  
  4  7:32  Drone  
Tags
 
Add a new tag
Caveats
  • Supply blocks, unpowered buildings, or Contaminate may cause inaccurate times.
  • Supply counts are checked every 10 seconds.